 Dungeon Crawl Stone Soup version 0.31.0-11-ge490571c62 (webtiles) character file.

Game seed: 16281335147468154225

23 protoss039 the Digger (level 2, -2/21 HPs)
             Began as a Demonspawn Earth Elementalist on Jan 31, 2024.
             Slain by a black bear (3 damage)
             ... on level 2 of the Dungeon.
             The game lasted 00:02:40 (1048 turns).

protoss039 the Digger (DsEE)                        Turns: 1048, Time: 00:02:41

Health: -2/21      AC:  3    Str:  8    XL:     2   Next: 75%
Magic:  5/5        EV: 11    Int: 15    God:
Gold:   66         SH:  4    Dex: 13    Spells: 4/5 levels left

rFire   + . .        (no weapon)
rCold   . . .        h - +0 buckler
rNeg    . . .        a - +0 robe
rPois   .            (no helmet)
rElec   .            (no cloak)
rCorr   +            (no gloves)
SInv    .            (no boots)
Will    .....        (no amulet)
Stlth   ++           e - ring of protection from fire
HPRegen 0.23/turn    i - ring of resist corrosion
MPRegen 0.09/turn

%: no passive effects
@: mighty
A: rugged brown scales 1
a: no special abilities


You were on level 2 of the Dungeon.
You visited 1 branch of the dungeon, and saw 2 of its levels.

You collected 66 gold pieces.

Inventory:

Missiles
 k - 4 darts of dispersal
Armour
 a - a +0 robe (worn)
 h - a +0 buckler (worn)
Jewellery
 e - a ring of protection from fire (left hand)
 i - a ring of resist corrosion (right hand)
Potions
 b - a potion of magic
 c - 2 potions of ambrosia
 f - 2 potions of might
 l - a potion of mutation {unknown}


   Skills:
 + Level 1.1 Fighting
 - Level 1.7 Dodging
 - Level 1.7 Stealth
 + Level 0.2 Shields
 + Level 2.3 Spellcasting
 - Level 1.0 Conjurations
 + Level 3.0 Earth Magic


You had 4 spell levels left.
You knew the following spells:

 Your Spells              Type           Power      Damage    Failure   Level
a - Sandblast             Erth           22%        2d7       10%         1

Your spell library contained the following spells:

 Spells                   Type           Power      Damage    Failure   Level
 Kiss of Death            Conj/Necr      12%        2d6       28%         1
 Passwall                 Erth           11%        N/A       28%         3
 Stone Arrow              Conj/Erth      14%        3d7       41%         3
 Confusing Touch          Hex            1%         N/A       71%         3
 Brom's Barrelling Bould  Conj/Erth      7%         2d3       83%         4
 Petrify                  Alch/Erth      6%         N/A       88%         4
 Dispel Undead            Necr           1%         3d6       98%         4


Dungeon Overview and Level Annotations

Branches:
Dungeon (2/15) Zot: 10940

Altars:


Innate Abilities, Weirdness & Mutations

You are partially covered in rugged brown scales. (AC +1, +3% HP)


Message History

Throw: 2 darts (poison)
Press: ? - help, Q - select action, (/) - cycle Shift-Dir - straight line, f/p - black bear
Aim: a black bear (61% to hit)
You throw a poisoned dart.
The poisoned dart barely misses the black bear.
Throw: dart (poison)
Press: ? - help, Q - select action, (/) - cycle Shift-Dir - straight line, f/p - black bear
Aim: a black bear (61% to hit)
You throw a poisoned dart.
The poisoned dart completely misses the black bear.
The black bear attacks as it pursues you!
The black bear bites you!
The black bear claws you but does no damage.
You block the black bear's attack.
As you read the scroll labelled MUGOIFU OL QUL, it dissolves into smoke.
It was a scroll of fog.
You block the black bear's attack.
The black bear claws you but does no damage.
The black bear claws you.
Unknown command.
As you read the scroll labelled EMODUE IXTUCK, it crumbles to dust.
It is a scroll of identify.
c - 2 potions of ambrosia The black bear closely misses you.
The black bear claws you. x2
Unknown command.
It was a potion of might.
You feel very mighty all of a sudden. You block the ribbon worm's attack.
The black bear barely misses you. The black bear claws you.
The black bear misses you.
Unknown command.
You hit the black bear.
The black bear is lightly wounded.
The black bear bites you. The black bear claws you. x2
* * * LOW HITPOINT WARNING * * *
The ribbon worm closely misses you.
Unknown command.
The black bear attacks as it pursues you!
The black bear bites you.
* * * LOW HITPOINT WARNING * * *
The black bear claws you.
You die...

#... . # #.# ####(..#.
#.#.# ......(.
#.#.########## #.....#
#............# #......
###.########.# #.....#
###.# #.# #...§§#
#...########.#
#...§§####.###........#
..$...#wh@§§..##.########
#####.#§####..##.#
####.#§## #..##.########
........# #............#
#..#..###.###.######.# #
#.........###.# #.#
###.##..........##.# #.#
........#..###...#.# #.#
###.##..#..##...)..# #.#


You could see a black bear and a ribbon worm.

Vanquished Creatures
  A dart slug (D:1)
  3 endoplasms (D:1)
  A giant cockroach (D:1)
  4 goblins
  4 hobgoblins (D:1)
  A quokka (D:1)
  A ball python (D:1)
  A frilled lizard (D:1)
  2 rats (D:1)
18 creatures vanquished.

Notes
Turn   | Place    | Note
-------+----------+-------------------------------------------
     0 | D:1      | protoss039 the Demonspawn Earth Elementalist began the
                  | quest for the Orb.
     0 | D:1      | Reached XP level 1. HP: 13/13 MP: 3/3
   307 | D:1      | Gained mutation: You are partially covered in rugged brown
                  | scales. (AC +1, +3% HP) [demonic ancestry]
   307 | D:1      | Reached XP level 2. HP: 9/20 MP: 0/5
   414 | D:1      | Reached skill level 3 in Earth Magic
   554 | D:1      | Reached skill level 1 in Fighting
  1037 | D:2      | Noticed a black bear
  1048 | D:2      | HP: 1/21 [black bear (2)]
  1048 | D:2      | Slain by a black bear

Illustrated notes

Levels and vault maps discovered:
D:1:      minmay_arrival_checkered_box, layout_loops_ring,
          ebering_dispersal_statue_hall
D:2:      layout_loops_ring, minmay_worlds_worst_comb

Skill      XL: |  1  2 |
---------------+-------+-----
Earth Magic    | 3 |  3.0
Fighting       | 1 |  1.1
Dodging        | |  1.7
Stealth        | |  1.7
Shields        | |  0.2
Spellcasting   | |  2.3
Conjurations   | |  1.0

Action                     || total
---------------------------++-------
  Melee: Unarmed           ||     1
  Throw: Dart              ||     4
   Cast: Sandblast         ||    23
    Use: Scroll            ||     2
         Potion            ||     1
 Armour: Robe              ||    15
  Dodge: Dodged            ||     7
  Block: Buckler           ||     3
